 Dungeon Crawl Stone Soup version 0.28-a0-773-g130ae17fe5 (webtiles) character file.

Game seed: 2355091960237923430

3 cheechan the Ducker (level 1, 0/16 HPs)
             Began as an Octopode Fighter on Nov 1, 2021.
             Frozen to death by an endoplasm (1 damage)
             ... on level 1 of the Dungeon.
             The game lasted 00:00:19 (23 turns).

cheechan the Ducker (Octopode Fighter)                Turns: 23, Time: 00:00:20

Health: 0/16       AC:  1    Str: 15    XL:     1   Next: 50%
Magic:  1/1        EV: 13    Int: 10    God:
Gold:   0          SH:  4    Dex: 11    Spells: 0/0 levels left

rFire   . . .      SeeInvis .   a - +0 war axe
rCold   . . .      Faith    .   b - +0 buckler
rNeg    . . .      Spirit   .   (helmet restricted)
rPois   .          Reflect  .   (no amulet)
rElec   .          Harm     .   (no ring)
rCorr   .          Rampage  .   (no ring)
Will    .....                   (no ring)
Stlth   ++........              (no ring)
HPRegen 0.05/turn               (no ring)
MPRegen 0.07/turn               (no ring)
                                (no ring)
                                (no ring)

@: no status effects
A: almost no armour, amphibious, 8 rings, camouflage 1, gelatinous body 1,
(nimble swimmer 1), tentacles
a: no special abilities


You were on level 1 of the Dungeon.
You visited 1 branch of the dungeon, and saw 1 of its levels.

Inventory:

Hand Weapons
 a - a +0 war axe (weapon)
Armour
 b - a +0 buckler (worn)
Potions
 c - a potion of might


   Skills:
 * Level 3.0 Fighting
 + Level 2.0 Axes
 + Level 3.2 Dodging
 + Level 3.0 Shields


You couldn't memorise any spells.
You didn't know any spells.
Your spell library was empty.

Dungeon Overview and Level Annotations

Branches:
Dungeon (1/15)

Altars:


Innate Abilities, Weirdness & Mutations

You cannot wear most types of armour.
You are amphibious.
You can wear up to eight rings at the same time.
Your skin changes colour to match your surroundings (Stealth+).
Your rubbery body absorbs attacks. (AC +1, EV +1)
((You are camouflaged near water. (Stealth+)))
You have tentacles for arms and can constrict up to eight enemies at once.


Message History

The jackal barks!
You hear a bark!
A jackal comes into view.
A jackal comes into view.
A rat comes into view.
You completely miss the jackal.
The jackal barks!
Your grab misses the jackal. The jackal bites you.
You block the jackal's attack.
You barely miss the jackal.
The jackal barks!
Your grab misses the jackal. The jackal bites you.
An endoplasm comes into view.
The jackal closely misses you. The jackal misses you.
You block the jackal's attack.
You closely miss the jackal. You grab the jackal. You closely miss the jackal.
You constrict the jackal. The jackal bites you. x2
You block the jackal's attack. The jackal bites you.
You slash the jackal!
You kill the jackal!
You hit the jackal.
You kill the jackal!
You barely miss the rat. You closely miss the jackal. The jackal misses you.
The jackal barely misses you. You block the rat's attack.
The jackal completely misses you. The jackal misses you.
You closely miss the jackal. Your grab misses the jackal.
You barely miss the jackal. You closely miss the rat. You hit the rat.
You kill the rat!
The rat closely misses you. The jackal misses you. The jackal bites you.
You block the rat's attack. The jackal misses you. The jackal bites you.
* * * LOW HITPOINT WARNING * * *
Unknown command.
You barely miss the jackal. Your grab misses the jackal. You hit the jackal.
You slash the rat!
You kill the rat!
You block the jackal's attack. The jackal bites you.
* * * LOW HITPOINT WARNING * * *
The jackal barely misses you. The jackal closely misses you.
The endoplasm freezes you.
You are frozen.
You die...

#≈≈#≈≈#.#≈≈#≈≈#
.....##≈≈≈≈≈#.#≈○≈≈≈#
......##≈≈≈○#'#≈≈≈≈##
......######.######
.....## ##..#
#.....##..##
...$.....##
##.##...####..
#.?@.........#
......hhJ.......##
..#.............#
#..........##...
#..........# ..##
#..........# .#
#..........# #
##........##


You could see an endoplasm and 2 jackals.

Vanquished Creatures
  2 jackals (D:1)
  2 rats (D:1)
4 creatures vanquished.

Notes
Turn   | Place    | Note
-------+----------+-------------------------------------------
     0 | D:1      | cheechan the Octopode Fighter began the quest for the Orb.
     0 | D:1      | Reached XP level 1. HP: 16/16 MP: 1/1
    23 | D:1      | Frozen to death by an endoplasm

Illustrated notes

Levels and vault maps discovered:
D:1:      saegor_arrival_miasma, layout_rooms, minmay_fountain_box,
          minmay_pentomino_z2

Action                   || total
-------------------------++-------
Melee: War axe           ||     6
       Constrict         ||     1
Dodge: Dodged            ||    11
Block: Buckler           ||     6

Table legend: (Time is in decaauts)
 A = Elapsed time spent in this place.
 B = Non-inter-level travel time spent in this place.
 C = Inter-level travel time spent in this place.
 D = Time resting spent in this place.
 E = Time spent auto-exploring this place.
 F = Levels seen in this place.
 G = Mean time per level.
                   A        B        C        D        E       F      G
               +--------+--------+--------+--------+--------+-----+--------+
         Total |     25 |     25 |      0 |      0 |      0 |   1 |   25.0 |
       Dungeon |     25 |     25 |      0 |      0 |      0 |   1 |   25.0 |
               +--------+--------+--------+--------+--------+-----+--------+

Top non-repeatable levels by time:
     D:1: 25 daAuts
